 Dungeon Crawl Stone Soup version 0.27-a0-1591-gc56fcc985a (webtiles) character file.

Game seed: 371083977524425857

232 duskshroud the Ruffian (level 5, -4/50 HPs)
             Began as a Troll Monk on July 20, 2021.
             Was a Believer of Qazlal.
             Slain by a gnoll (9 damage)
             ... on level 4 of the Dungeon.
             The game lasted 00:09:26 (2417 turns).

duskshroud the Ruffian (Troll Monk)                 Turns: 2417, Time: 00:09:26

Health: -4/50      AC:  4    Str: 19    XL:     5   Next: 73%
Magic:  1/4        EV: 10    Int:  6    God:    Qazlal [**....]
Gold:   62         SH:  3    Dex: 13    Spells: 4/4 levels left

rFire    . . .     SeeInvis .     - Unarmed
rCold    + . .     Faith    .   (no shield)
rNeg     . . .     Spirit   .   a - +0 robe
rPois    .         Reflect  .   (helmet restricted)
rElec    .         Harm     .   (no cloak)
rCorr    .         Rampage  .   (gloves unavailable)
Will     .....                  (boots unavailable)
Stlth    +.........             (no amulet)
HPRegen  1.16/turn              m - ring of protection from cold
MPRegen  0.09/turn              (no ring)

@: no status effects
A: large, unfitting armour, claws 3, regeneration 1, shaggy fur 1, tough skin 1
a: Renounce Religion, Upheaval


You were on level 4 of the Dungeon.
You worshipped Qazlal.
Qazlal was pleased with you.
You visited 1 branch of the dungeon, and saw 4 of its levels.

You collected 62 gold pieces.

Inventory:

Hand Weapons
 q - a +0 flail
Missiles
 g - 22 poisoned darts (quivered)
 j - 8 atropa-tipped darts
 p - 3 javelins
Armour
 a - a +0 robe (worn)
Jewellery
 m - a ring of protection from cold (left claw)
Scrolls
 b - 2 scrolls of identify {unknown}
 d - 3 scrolls of teleportation {unknown}
 e - a scroll of fog {unknown}
 f - 2 scrolls of blinking {unknown}
 h - a scroll of holy word {unknown}
 i - a scroll of vulnerability {unknown}
 l - a scroll of fear {unknown}
Potions
 c - 2 potions of curing {unknown}
 k - a potion of attraction {unknown}
 n - a potion of might {unknown}
 o - a potion of resistance {unknown}


   Skills:
 - Level 2.4 Fighting
 - Level 2.4 Dodging
 - Level 1.0 Stealth
 * Level 6.5 Unarmed Combat


You had 4 spell levels left.
You didn't know any spells.
Your spell library contained the following spells:

 Spells                   Type           Power      Damage    Failure   Level
 Slow                     Hex            0%         N/A       58%         2
 Confusing Touch          Hex            0%         N/A       83%         3
 Gell's Gravitas          Tloc           0%         N/A       83%         3
 Lesser Beckoning         Tloc           0%         N/A       83%         3
 Teleport Other           Tloc           0%         N/A       83%         3
 Vampiric Draining        Necr           0%         2d6       83%         3


Dungeon Overview and Level Annotations

Branches:
Dungeon (4/15)
 Temple: D:4-7

Altars:
Qazlal


Innate Abilities, Weirdness & Mutations

You are too large for most types of armour.
You have claws for hands.
Your natural rate of healing is unusually fast.
You are covered in fur. (AC +1)
You have tough skin. (AC +1)


Message History

You barely miss the jackal. You claw the jackal.
The jackal is moderately wounded.
You block the jackal's attack.
You scratch the jackal.
You kill the jackal!
Qazlal accepts your kill.
The gnoll hits you from afar with a +1 vorpal halberd.
The gnoll barely misses you.
The gnoll shaman calls upon its god to speed up something.
You see here a jackal corpse.
The gnoll barely misses you.
You claw the orc!
You kill the orc!
Qazlal accepts your kill.
The gnoll hits you from afar with a +1 vorpal halberd.
You scratch the gnoll shaman.
The gnoll shaman is moderately wounded.
The gnoll hits you from afar with a +1 vorpal halberd!
You block the gnoll shaman's attack.
You scratch the gnoll shaman.
The gnoll shaman is severely wounded.
The gnoll hits you from afar with a +1 vorpal halberd!
The gnoll shaman mumbles some strange prayers to its god.
The gnoll shaman is healed somewhat.
You claw the gnoll shaman!
The gnoll shaman is almost dead.
The gnoll hits you from afar with a +1 vorpal halberd.
* * * LOW HITPOINT WARNING * * *
x2 You block the gnoll shaman's attack.
You barely miss the gnoll shaman.
The gnoll shaman is almost dead.
The gnoll hits you from afar with a +1 vorpal halberd.
* * * LOW HITPOINT WARNING * * *
x2 The gnoll shaman hits you with a +0 whip.
* * * LOW HITPOINT WARNING * * *
You scratch the gnoll shaman.
You kill the gnoll shaman!
Qazlal accepts your kill.
The gnoll hits you from afar with a +1 vorpal halberd!
You die...

##.##### ......##
#..#... .
##..#..# ...
......###
.....#.#....#
.......g.#
.....#.#.####.###
... #g#gg@°....#
# #g#........#
#g#........#
#.#........#
#g##.......# #g
#.....!.#
#.......#
......###


You could see 3 gnolls.

Vanquished Creatures
  An orc priest (D:3)
  A bullfrog skeleton (D:3)
  A gnoll shaman (D:4)
  An orc wizard (D:3)
  Terence (D:2)
  Robin (D:3)
  A gnoll (D:4)
  3 adders
  A worm (D:2)
  2 dart slugs
  5 orcs
  9 ball pythons
  3 giant cockroaches (D:1)
  13 goblins
  9 hobgoblins
  2 jackals (D:4)
  4 kobolds
  3 quokkas
  A bat (D:1)
  A frilled lizard (D:3)
  8 rats
71 creatures vanquished.

Notes
Turn   | Place    | Note
-------+----------+-------------------------------------------
     0 | D:1      | duskshroud the Troll Monk began the quest for the Orb.
     0 | D:1      | Reached XP level 1. HP: 22/22 MP: 0/0
    72 | D:1      | Found a faded altar of an unknown god.
   168 | D:1      | Reached XP level 2. HP: 29/29 MP: 1/1
   300 | D:1      | Reached skill level 4 in Unarmed Combat
   920 | D:2      | Reached XP level 3. HP: 36/36 MP: 2/2
  1242 | D:2      | Noticed Terence
  1249 | D:2      | Killed Terence
  1250 | D:2      | Reached skill level 5 in Unarmed Combat
  1250 | D:2      | Reached XP level 4. HP: 43/44 MP: 3/3
  1743 | D:3      | Found a stormy altar of Qazlal.
  1747 | D:3      | Noticed Robin
  1799 | D:3      | Killed Robin
  1819 | D:3      | Became a worshipper of Qazlal Stormbringer
  1819 | D:3      | Reached * piety under Qazlal
  1819 | D:3      | Reached ** piety under Qazlal
  1888 | D:3      | Reached XP level 5. HP: 48/50 MP: 4/4
  1942 | D:3      | Reached skill level 6 in Unarmed Combat
  2417 | D:4      | Slain by a gnoll

Illustrated notes

Levels and vault maps discovered:
D:1:      wander_arrival_chamber, layout_basic,
          dreamdust_ecumenical_altar_grove, chequers_serial_rivers_small_b
D:2:      layout_basic, serial_curves, eino_curves_03, eino_curves_02,
          eino_curves_02, minmay_misc_feat_roman, kennysheep_another_room,
          hangedman_abyss_or_decor_lesser_grid, amcnicky_mini_corridor_feature,
          minivault_23, uniq_terence
D:3:      layout_basic, mainiacjoe_overflow_24_doors, uniq_robin
D:4:      layout_loops_cross, mainiacjoe_overflow_concentric_impassable

Skill      XL: |  1  2  3  4  5 |
---------------+----------------+-----
Unarmed Combat | 4 5 6 |  6.5
Fighting       | |  2.4
Dodging        | |  2.4
Stealth        | |  1.0

Action                   |  1- 3 |  4- 6 || total
-------------------------+-------+-------++-------
Melee: Unarmed           |    83 |   106 ||   189
       Punch             |     3 |     1 ||     4
Throw: Dart              |     1 |     2 ||     3
Invok: Upheaval          |       |     1 ||     1
 Stab: Sleeping          |     2 |       ||     2
Armor: Robe              |    20 |    20 ||    40
Dodge: Dodged            |    45 |    33 ||    78
Block: Other             |       |     8 ||     8

Table legend: (Time is in decaauts)
 A = Elapsed time spent in this place.
 B = Non-inter-level travel time spent in this place.
 C = Inter-level travel time spent in this place.
 D = Time resting spent in this place.
 E = Time spent auto-exploring this place.
 F = Levels seen in this place.
 G = Mean time per level.
                   A        B        C        D        E       F      G
               +--------+--------+--------+--------+--------+-----+--------+
         Total |   2402 |   2187 |    215 |      0 |   1662 |   4 |  600.5 |
       Dungeon |   2402 |   2187 |    215 |      0 |   1662 |   4 |  600.5 |
               +--------+--------+--------+--------+--------+-----+--------+

Top non-repeatable levels by time:
     D:2: 897 daAuts
     D:1: 816 daAuts
     D:3: 674 daAuts
     D:4: 14 daAuts
